AoeStats
← Thousk_

Arabia

510422232Analyzed
1v1 RM · 20h ago on Sep 30, 2026· 37m 10s· 2 players
Game mode
Random Map
Map size
Tiny (2 player)
Population
200
Speed
Normal
Resources
Standard
Victory
Conquest
Starting age
Dark Age
Ending age
Imperial Age
RankedLock teamsTeams togetherTeam positionsShared explorationLock speedFull tech treeHidden civsTurbo modeCheats
Victory
Defeat
🇨🇴 Vietnamese · Colombia
1176
+16
🇨🇴 Varangians · Colombia
1169
-16
Thousk_
7:09 Loom
9:29 Feudal Age
11:23 Bloodlines
17:32 Fletching
21:34 Padded Archer Armor
26:48 Castle Age
25:48 Scale Barding Armor
25:38 Double-Bit Axe
30:04 Chain Barding Armor
Ging_AD
0:42 Loom
10:52 Feudal Age
11:52 Double-Bit Axe
18:10 Gold Mining
19:29 Fletching
21:25 Padded Archer Armor
26:35 Castle Age
25:32 Wheelbarrow
26:41 Crossbowman
27:17 Bodkin Arrow
31:27 Thumb Ring
33:51 Ballistics
33:57 Bow Saw
34:56 Stone Mining
35:25 Hand Cart
Connection lost

Rejoining the realm…

Still unreachable

The connection could not be restored.

Session expired

The server has moved on; the page needs a fresh start.